 Dungeon Crawl Stone Soup version 0.27-a0-46-g34d46f0a3f (webtiles) character file.

Game seed: 9170357862156831578

242 Borgoz the Chopper (level 6, 0/53 HPs)
             Began as a Hill Orc Berserker on Jan 6, 2021.
             Was a Believer of Trog.
             Slain by Natasha (7 damage)
             ... on level 3 of the Dungeon.
             The game lasted 00:02:11 (2146 turns).

Borgoz the Chopper (Hill Orc Berserker)             Turns: 2146, Time: 00:02:11

Health: 0/53       AC:  6    Str: 20    XL:     6   Next: 9%
Magic:  6/6        EV: 13    Int:  7    God:    Trog [**....]
Gold:   46         SH:  0    Dex: 12    Spells: 5/5 levels left

rFire    . . .     SeeInvis .   l - +0 hand axe (freeze)
rCold    . . .     Faith    .   (no shield)
rNeg     . . .     Spirit   .   b - +0 animal skin
rPois    .         Reflect  .   (no helmet)
rElec    .         Harm     .   (no cloak)
rCorr    .         Rampage  .   (no gloves)
Will     .....                  (no boots)
Stlth    +.........             (no amulet)
HPRegen  0.17/turn              e - +4 ring of protection
MPRegen  0.10/turn              (no ring)

@: berserk cooldown, slowed, very slow
A: no striking features
a: Renounce Religion, Berserk, Trog's Hand


You were on level 3 of the Dungeon.
You worshipped Trog.
Trog was pleased with you.
You visited 1 branch of the dungeon, and saw 3 of its levels.

You collected 46 gold pieces.

Inventory:

Hand Weapons
 l - a +0 hand axe of freezing (weapon)
Armour
 b - a +0 animal skin (worn)
Jewellery
 e - a +4 ring of protection (left hand)
Wands
 g - a wand of polymorph (8)
Scrolls
 a - a scroll of remove curse {unknown}
 d - a scroll of amnesia {unknown}
 f - a scroll of immolation {unknown}
 n - a scroll of enchant weapon {unknown}
Potions
 c - a potion of lignification
 h - a potion of attraction {unknown}
 i - a potion of heal wounds
 j - 2 potions of curing {unknown}
 k - a potion of mutation {unknown}
 m - a potion of degeneration {unknown}


   Skills:
 + Level 4.7 Fighting
 + Level 5.2 Axes
 + Level 3.6 Armour
 * Level 3.4 Dodging


You had 5 spell levels left.
You didn't know any spells.
Your spell library was empty.

Dungeon Overview and Level Annotations

Branches:
Dungeon (3/15)

Altars:

Annotations:
D:3 Natasha


Message History

The shadow imp closely misses you.
Things that are here:
a +1 vorpal flail; an adder corpse; a gnoll corpse You hit the shadow imp.
The shadow imp is lightly wounded.
You slash the gnoll! You freeze the gnoll. You closely miss the white imp.
You closely miss Natasha. The gnoll hits you but does no damage.
Natasha drinks a potion.
Natasha is healed!
The white imp gestures at you. The puff of frost hits you.
* * * LOW HITPOINT WARNING * * *
You barely miss the gnoll.
The gnoll is severely wounded.
You barely miss the white imp. You hit Natasha but do no damage.
You closely miss the shadow imp.
You are no longer berserk.
You are exhausted.
You feel yourself slow down. The shadow imp misses you.
The gnoll barely misses you. Natasha claws you!
You die...

#############
#..........[#
#...........#
#...........#####
######.......).......
..................######
..>....h................
.>....5@...(............
..?...g5..!..........#..
..............(...####..
#.#####..........†..†...
# #.............##.#
#.............##..
+.............'..§
#.............###.
#.............# #.


You could see Natasha, a gnoll, a white imp (summoned) and a shadow imp
(summoned).

Vanquished Creatures
  A bullfrog (D:2)
  Natasha (twice) (D:3)
  3 adders
  4 gnolls
  An ooze (D:3)
  A worm (D:3)
  A dart slug (D:1)
  3 leopard geckos
  4 orcs (D:3)
  4 bats
  5 giant cockroaches
  5 goblins
  4 hobgoblins
  5 kobolds
  2 quokkas
  A frilled lizard (D:2)
  6 rats
52 creatures vanquished.

Notes
Turn   | Place    | Note
-------+----------+-------------------------------------------
     0 | D:1      | Borgoz the Hill Orc Berserker began the quest for the Orb.
     0 | D:1      | Reached XP level 1. HP: 19/19 MP: 1/1
   399 | D:1      | Reached XP level 2. HP: 13/27 MP: 2/2
   784 | D:2      | Noticed a bullfrog
   791 | D:2      | Killed a bullfrog
   792 | D:2      | Reached XP level 3. HP: 31/33 MP: 3/3
   792 | D:2      | Reached XP level 4. HP: 38/40 MP: 4/4
  1488 | D:2      | Reached XP level 5. HP: 45/47 MP: 5/5
  1781 | D:3      | Noticed Natasha
  1787 | D:3      | Killed Natasha
  1787 | D:3      | Reached ** piety under Trog
  1940 | D:3      | Reached skill level 5 in Axes
  2072 | D:3      | Noticed Natasha
  2087 | D:3      | Killed Natasha
  2132 | D:3      | Noticed Natasha
  2140 | D:3      | Reached XP level 6. HP: 36/53 MP: 6/6
  2146 | D:3      | Slain by Natasha

Illustrated notes

Levels and vault maps discovered:
D:1:      minmay_arrival_checkered_box, layout_basic
D:2:      layout_basic
D:3:      layout_basic, uniq_natasha

Skill      XL: |  1  2  3  4  5 |
---------------+----------------+-----
Dodging        | 2 3 |  3.4
Fighting       | 4 |  4.7
Armour         | 3 |  3.6
Axes           | 5 |  5.2

Action                   |  1- 3 |  4- 6 || total
-------------------------+-------+-------++-------
Melee: Hand axe          |    24 |   105 ||   129
Invok: Berserk           |     3 |     2 ||     5
  Use: Scroll            |       |     4 ||     4
Armor: Animal skin       |     3 |    29 ||    32
Dodge: Dodged            |    14 |    88 ||   102

Table legend: (Time is in decaauts)
 A = Elapsed time spent in this place.
 B = Non-inter-level travel time spent in this place.
 C = Inter-level travel time spent in this place.
 D = Time resting spent in this place.
 E = Time spent auto-exploring this place.
 F = Levels seen in this place.
 G = Mean time per level.
                   A        B        C        D        E       F      G
               +--------+--------+--------+--------+--------+-----+--------+
         Total |   2189 |   2149 |     40 |    312 |   1543 |   3 |  729.7 |
       Dungeon |   2189 |   2149 |     40 |    312 |   1543 |   3 |  729.7 |
               +--------+--------+--------+--------+--------+-----+--------+

Top non-repeatable levels by time:
     D:2: 931 daAuts
     D:1: 787 daAuts
     D:3: 471 daAuts
